 Dungeon Sprint DCSS version 0.30-a0-711-gf4ac18a38d (webtiles) character file.

Game seed: 18305268242032276630

0 rocky1 the Cudgeller (level 1, -2/13 HPs)
             Began as a Gargoyle Gladiator on Jan 23, 2023.
             Was an Initiate of Gozag.
             Slain by an orc
             ... wielding a +2 flail of holy wrath
              (5 damage)
             ... in the Dungeon (Sprint VI: "Thunderdome").
             The game lasted 00:00:19 (30 turns).

rocky1 the Cudgeller (Gargoyle Gladiator)             Turns: 30, Time: 00:00:20

Health: -2/13      AC:  6    Str: 17    XL:     1   Next: 30%
Magic:  1/1        EV: 12    Int:  8    God:    Gozag
Gold:   200        SH:  0    Dex: 11    Spells: 0/0 levels left

rFire   . . .      SeeInvis .    a - +0 flail
rCold   . . .      Faith    .    (no shield)
rNeg    + . .      Spirit   .    b - +0 leather armour
rPois   ∞          Reflect  .    c - +0 helmet
rElec   +          Harm     .    (no cloak)
rCorr   .          Rampage  .    (no gloves)
Will    .....      NoTele   +    (no boots)
Stlth   +                        (no amulet)
HPRegen 0.22/turn                (no ring)
MPRegen 0.07/turn                (no ring)

@: gold aura
A: sickness immunity, AC +2, negative energy resistance 1, electricity
resistance, torment resistance 1, petrification resistance
a: Renounce Religion, Potion Petition, Call Merchant, Bribe Branch


You were in the Dungeon.
You worshipped Gozag.
Gozag was aware of your devotion.
You visited 1 branch You collected 200 gold pieces.

Inventory:

Hand Weapons
 a - a +0 flail (weapon)
Missiles
 d - 3 throwing nets (quivered)
 e - a javelin
Armour
 b - a +0 leather armour (worn)
 c - a +0 helmet (worn)
Wands
 m - a wand of light (5)
 n - a wand of iceblast (5)
Scrolls
 k - 4 scrolls of blinking
 o - 3 scrolls of fog
Potions
 f - a potion of curing
 g - 4 potions of heal wounds
 h - 4 potions of haste
 i - 2 potions of magic
 j - a potion of berserk rage
 l - a potion of resistance


   Skills:
 + Level 2.5 Fighting
 * Level 3.3 Maces & Flails
 - Level 1.7 Throwing
 + Level 0.9 Armour
 + Level 2.6 Dodging


You couldn't memorise any spells.
You didn't know any spells.
Your spell library was empty.

Dungeon Overview and Level Annotations

Branches:
Dungeon (1/1)

Altars:
Cheibriados
Dithmenos
Fedhas
Gozag
Sif Muna
Uskayaw
Vehumet
Wu Jian

Shops:
D *[?


Innate Abilities, Weirdness & Mutations

You are immune to sickness and miasma.
Your stone body is resilient. (AC +2)
You are immune to poison.
You resist negative energy. (rN+)
You are resistant to electric shocks. (rElec)
You are resistant to unholy torment.
You are immune to petrification.


Message History

Found 200 gold pieces.
Found a staircase leading out of the dungeon.
You now have 200 gold pieces.
l - a potion of resistance;
m - a wand of light (5);
n - a wand of iceblast (5)
h - 4 potions of haste (gained 3);
g - 4 potions of heal wounds (gained 3)
o - 3 scrolls of fog;
k - 4 scrolls of blinking (gained 3)
There is a staircase leading out of the dungeon here.
Get ready!
Found a hide-covered altar of Uskayaw.
Found a blossoming altar of Fedhas and a radiant altar of Vehumet.
ROUND 1!
FIGHT!
You sense a tension in the east.
Found an ornate altar of the Wu Jian Council.
Found Juntatz's Identification Station.
Found an opulent altar of Gozag and a snail-covered altar of Cheibriados.
Found Getueb's Advanced Armour and Wenn's Jewellery.
An orc comes into view. It is wielding a +0 whip.
Found a shadowy altar of Dithmenos.
The orc shouts!
Found a roughly hewn altar of Beogh.
There is an opulent altar of Gozag here.
You kneel at the altar of Gozag.
Gozag welcomes you!
Gozag waives the service fee.
An orc comes into view.
It is wielding a +2 flail of holy wrath.
You thump the orc!
You kill the orc!
Things that are here:
72 gold pieces; a +0 whip
Found a shimmering blue altar of Sif Muna.
The orc hits you with a +2 flail of holy wrath.
You closely miss the orc. The orc barely misses you.
You completely miss the orc. The orc hits you but does no damage.
You hit the orc but do no damage.
The orc hits you with a +2 flail of holy wrath. x2
* * * LOW HITPOINT WARNING * * *
You barely miss the orc.
The orc hits you with a +2 flail of holy wrath.
You die...
Your body crumbles into a pile of gold.

... _...... _......
_...... ###.......
.### #⌠........ ..⌠#
######.8.........8.#
##.___...o..# .....
###∩......@.8.# .8...
#.......$.....###...
⌠..........###...#
⌠..........# #.<.#
⌠..........###...#
#.............###.....
###∩........8.# .8...
##∩.__......# .....
######.8...... ..8.#


You could see an orc.

Vanquished Creatures
  An orc (D)
1 creature vanquished.

Notes
Turn   | Place    | Note
-------+----------+-------------------------------------------
     0 | D        | rocky1 the Gargoyle Gladiator began the quest for the Orb.
     0 | D        | Reached XP level 1. HP: 12/12 MP: 1/1
     4 | D        | Found a hide-covered altar of Uskayaw.
     5 | D        | Found a blossoming altar of Fedhas.
     5 | D        | Found a radiant altar of Vehumet.
     5 | D        | Round 1.
     6 | D        | Found an ornate altar of the Wu Jian Council.
     7 | D        | Found Juntatz's Identification Station.
     7 | D        | Found an opulent altar of Gozag.
     7 | D        | Found a snail-covered altar of Cheibriados.
     8 | D        | Found Getueb's Advanced Armour.
     8 | D        | Found Wenn's Jewellery.
    14 | D        | Found a shadowy altar of Dithmenos.
    20 | D        | Became a worshipper of Gozag Ym Sagoz the Greedy
    25 | D        | Found a shimmering blue altar of Sif Muna.
    30 | D        | Slain by an orc

Illustrated notes

Levels and vault maps discovered:
D:        arena_sprint

Action                     || total
---------------------------++-------
  Melee: Flail             ||     5
 Armour: Leather armour    ||     1
  Dodge: Dodged            ||     1

Table legend: (Time is in decaauts)
 A = Elapsed time spent in this place.
 B = Non-inter-level travel time spent in this place.
 C = Inter-level travel time spent in this place.
 D = Time resting spent in this place.
 E = Time spent auto-exploring this place.
 F = Levels seen in this place.
 G = Mean time per level.
                   A        B        C        D        E       F      G
               +--------+--------+--------+--------+--------+-----+--------+
         Total |     31 |     31 |      0 |      0 |      0 |   1 |   31.0 |
       Dungeon |     31 |     31 |      0 |      0 |      0 |   1 |   31.0 |
               +--------+--------+--------+--------+--------+-----+--------+

Top non-repeatable levels by time:
       D: 31 daAuts
